 Dungeon Crawl Stone Soup version 0.32-a0-17-gb74e046682 (webtiles) character file.

Game seed: 5904161792373622894

5 zenocrate the Sneak (level 1, 0/9 HPs)
             Began as a Vine Stalker Enchanter on Jan 13, 2024.
             Slain by a quokka (3 damage)
             ... on level 1 of the Dungeon on Jan 16, 2024.
             The game lasted 00:01:44 (90 turns).

zenocrate the Sneak (Vine Stalker Enchanter)          Turns: 90, Time: 00:01:45

Health: 0/9        AC:  2    Str: 10    XL:     1   Next: 80%
Magic:  0/4        EV: 12    Int: 15    God:
Gold:   18         SH:  0    Dex: 14    Spells: 4/4 levels left

rFire   . . .        a - +1 dagger
rCold   . . .        (no shield)
rNeg    . . .        b - +0 robe
rPois   .            (no helmet)
rElec   .            (no cloak)
rCorr   .            (no gloves)
SInv    .            (no boots)
Will    .....        (no amulet)
Stlth   ++           (no ring)
HPRegen 1.01/turn    (no ring)
MPRegen 0.09/turn

%: guardian spirit
@: no status effects
A: fangs 2, regeneration 1, magic shield, antimagic bite, no potion heal 2
a: no special abilities


You were on level 1 of the Dungeon.
You visited 1 branch of the dungeon, and saw 1 of its levels.

You collected 18 gold pieces.

Inventory:

Hand Weapons
 a - a +1 dagger (weapon)
Armour
 b - a +0 robe (worn)
Potions
 c - 2 potions of invisibility


   Skills:
 + Level 1.1 Short Blades
 + Level 1.7 Dodging
 + Level 3.7 Stealth
 - Level 2.1 Spellcasting
 + Level 3.1 Hexes


You had 4 spell levels left.
You didn't know any spells.
Your spell library contained the following spells:

 Spells                   Type           Power      Damage    Failure   Level
 Ensorcelled Hibernation  Hex/Ice        12%        N/A       17%         2
 Confusing Touch          Hex            10%        N/A       19%         3
 Tukima's Dance           Hex            10%        N/A       19%         3
 Dazzling Flash           Conj/Hex       12%        N/A       34%         3


Dungeon Overview and Level Annotations

Branches:
Dungeon (1/15)

Altars:


Innate Abilities, Weirdness & Mutations

You have extremely sharp teeth.
Your natural rate of healing is unusually fast.
When hurt, damage is shared between your health and your magic reserves.
Your bite disrupts and absorbs the magic of your enemies.
Potions cannot restore your health.


Message History

A goblin comes into view. It is wielding a +0 dagger.
A goblin is nearby!
An endoplasm comes into view.
Unknown command.
Unknown command.
A goblin is nearby!
The goblin shouts!
A ball python comes into view.
There are monsters nearby!
Found an escape hatch in the floor.
There are monsters nearby!
The endoplasm quivers.
You hit the goblin.
The goblin is severely wounded.
The goblin hits you but does no damage.
A rat comes into view.
A quokka comes into view.
You hit the goblin.
You kill the goblin!
Found 10 gold pieces, 7 stones and a sedimented red potion.
The ball python bites you. The ball python barely misses you.
The endoplasm misses you.
You see here a +0 dagger.
You hit the rat. Your bite misses the rat.
The rat is severely wounded.
The ball python bites you. The ball python grabs you.
The ball python constricts you. The endoplasm barely misses you.
The rat bites you but does no damage.
The ball python's grasp on you weakens, but your attempt to escape fails.
The ball python bites you. The ball python constricts you.
The endoplasm closely misses you. The rat bites you but does no damage.
The ball python bites you.
* * * LOW HITPOINT WARNING * * *
The ball python constricts you.
You escape the ball python's grasp.
The endoplasm attacks as it pursues you!
The endoplasm barely misses you.
You hit the endoplasm.
The endoplasm is heavily wounded.
The quokka bites you.
You die...

#.................
###............ #.
#.............# ##.
#.##........... #..
##.##......†#### #..
##..###....†## # #..
#..## #..........
.##.#..##.##.......######
...($.r#@.##.##.##..#
#...SrJ....... ...#
#.#...#..>#......
#.....#.#..# ##..
#.........##.# #..
##........# ..#
###....#.. ... #.......
#. #..!###.


You could see an endoplasm, a quokka and a ball python.

Vanquished Creatures
  A goblin (D:1)
  A hobgoblin (D:1)
  A quokka (D:1)
  A frilled lizard (D:1)
  A rat (D:1)
5 creatures vanquished.

Notes
Turn   | Place    | Note
-------+----------+-------------------------------------------
     0 | D:1      | zenocrate the Vine Stalker Enchanter began the quest for
                  | the Orb.
     0 | D:1      | Reached XP level 1. HP: 9/9 MP: 4/4
     0 | D:1      | Upgraded the game from 0.31-a0-1626-g5cb510d322 to
                  | 0.32-a0-17-gb74e046682
    37 | D:1      | Reached skill level 1 in Short Blades
    90 | D:1      | Slain by a quokka

Illustrated notes

Levels and vault maps discovered:
D:1:      tarquinn_simple_flora_water_a, layout_rooms, basic_ecumenical_altar

Skill      XL: |  1 |
---------------+----+-----
Short Blades   | 1 |  1.1
Dodging        | |  1.7
Stealth        | |  3.7
Spellcasting   | |  2.1
Hexes          | |  3.1

Action                     || total
---------------------------++-------
  Melee: Dagger            ||    13
         Bite              ||     3
   Stab: Sleeping          ||     1
 Armour: Robe              ||    10
  Dodge: Dodged            ||     8

Table legend: (Time is in decaauts)
 A = Elapsed time spent in this place.
 B = Non-inter-level travel time spent in this place.
 C = Inter-level travel time spent in this place.
 D = Time resting spent in this place.
 E = Time spent auto-exploring this place.
 F = Levels seen in this place.
 G = Mean time per level.
                   A        B        C        D        E       F      G
               +--------+--------+--------+--------+--------+-----+--------+
         Total |     89 |     89 |      0 |      0 |     54 |   1 |   89.0 |
       Dungeon |     89 |     89 |      0 |      0 |     54 |   1 |   89.0 |
               +--------+--------+--------+--------+--------+-----+--------+

Top non-repeatable levels by time:
     D:1: 89 daAuts
